 Dungeon Crawl Stone Soup version 0.28.0-47-ge53b351184 (webtiles) character file.

Game seed: 5703356775363717801

1213 DildoBatman the Magician (level 8, -6/57 HPs)
             Began as a Formicid Conjurer on Apr 27, 2022.
             Was an Initiate of Kikubaaqudgha.
             Mangled by Menkaure (15 damage)
             ... on level 7 of the Dungeon.
             The game lasted 00:18:21 (4836 turns).

DildoBatman the Magician (Formicid Conjurer)        Turns: 4836, Time: 00:18:22

Health: -6/57      AC:  2    Str: 12    XL:     8   Next: 74%
Magic:  7/18       EV: 12    Int: 18    God:    Kikubaaqudgha [......]
Gold:   145        SH:  0    Dex: 11    Spells: 15/21 levels left

rFire   . . .      SeeInvis +   a - staff of conjuration
rCold   + . .      Faith    .   (no shield)
rNeg    . . .      Spirit   .   o - +0 robe
rPois   .          Reflect  .   (helmet unavailable)
rElec   .          Harm     .   (no cloak)
rCorr   .          Rampage  .   (no gloves)
Will    .....                   (no boots)
Stlth   ++........              (no amulet)
HPRegen 0.19/turn               f - ring of protection from cold
MPRegen 0.16/turn               (no ring)

@: no status effects
A: permanent stasis, dig shafts and tunnels, antennae 3, four strong arms
a: Dig, Shaft Self, Renounce Religion


You were on level 7 of the Dungeon.
You worshipped Kikubaaqudgha.
Kikubaaqudgha was noncommittal.
You visited 2 branches of the dungeon, and saw 8 of its levels.

You collected 161 gold pieces.
You donated 16 gold pieces to Zin.

Inventory:

Hand Weapons
 b - a +0 longbow
 d - a +0 quarterstaff
 e - a +2 dagger of draining
 A - a +1 trident of freezing
Missiles
 k - 31 bolts
 n - 52 arrows
 r - 83 stones
 s - 8 poisoned darts
 v - 3 silver boomerangs
Armour
 o - a +0 robe (worn)
Magical Staves
 a - a staff of conjuration (weapon)
 p - a staff of earth
 y - a staff of cold
Jewellery
 f - a ring of protection from cold (left hand)
Wands
 u - a wand of iceblast (6)
 B - a wand of flame (28)
Scrolls
 c - 2 scrolls of enchant weapon
 g - a scroll of summoning {unknown}
 l - a scroll of fog
 x - a scroll of blinking {unknown}
 z - 4 scrolls of identify
 D - a scroll of immolation {unknown}
Potions
 h - a potion of lignification {unknown}
 i - a potion of ambrosia {unknown}
 j - a potion of attraction {unknown}
 m - a potion of mutation {unknown}
 t - 3 potions of curing
 C - a potion of flight {unknown}


   Skills:
 * Level 2.8 Fighting
 * Level 2.9 Armour
 * Level 2.5 Dodging
 - Level 2.4 Stealth
 - Level 7.0 Spellcasting
 - Level 6.0 Conjurations
 * Level 1.0 Air Magic
 * Level 1.7 Poison Magic


You had 15 spell levels left.
You knew the following spells:

 Your Spells              Type           Power      Damage    Failure   Level
a - Searing Ray           Conj           82%        2d7       1%          2
b - Mephitic Cloud        Conj/Pois/Air  25%        N/A       10%         3
c - Magic Dart            Conj           100%       1d8       1%          1

Your spell library contained the following spells:

 Spells                   Type           Power      Damage    Failure   Level
 Poisonous Vapours        Pois/Air       22%        N/A       10%         2
 Dazzling Flash           Conj/Hex       50%        N/A       10%         3
 Beastly Appendage        Tmut           12%        N/A       11%         1
 Corpse Rot               Necr/Air       16%        N/A       13%         2
 Call Imp                 Summ           6%         N/A       16%         2
 Wereblood                Tmut           6%         N/A       16%         2
 Spider Form              Tmut/Pois      9%         N/A       22%         3
 Fulminant Prism          Conj/Hex       12%        3d9       30%         4
 Iskenderun's Mystic Bla  Conj/Tloc      25%        2d7       30%         4
 Summon Guardian Golem    Hex/Summ       6%         N/A       32%         3
 Orb of Destruction       Conj           20%        9d8       100%        7
 Spellforged Servitor     Conj/Summ      12%        N/A       100%        7


Dungeon Overview and Level Annotations

Branches:
Dungeon (7/15)             Temple (1/1) D:7

Altars:
Kikubaaqudgha
Nemelex Xobeh
Okawaru
Zin

Annotations:
D:3 exclusion: 2 sensed monsters (detected), Ijyb
D:5 exclusion: phantom, Blork the orc
D:6 exclusions: black bear, bullfrog, gnoll, orc warrior, 3 sensed monsters (detected), steam dragon and zombie, Edmund
D:7 Menkaure


Innate Abilities, Weirdness & Mutations

You cannot be hasted, slowed, berserked, paralysed or teleported.
You can dig through walls and to a lower floor.
You have a pair of large antennae on your head. (SInv)
Your four strong arms can wield two-handed weapons with a shield.


Message History

Press: ? - help, Shift-Dir - straight line, f/p - Menkaure
Aim: Menkaure (lightly damaged, fast, 100% to hit)
The magic dart hits Menkaure but does no damage.
Menkaure is lightly damaged.
Casting: Magic Dart (safe; 1% risk of failure)
Confirm with . or Enter, or press ? or * to list all spells.
Aiming: Magic Dart (safe; 1% risk of failure)
Press: ? - help, Shift-Dir - straight line, f/p - Menkaure
Aim: Menkaure (lightly damaged, fast, 100% to hit)
The magic dart hits Menkaure.
Menkaure is moderately damaged.
Menkaure calls on the powers of darkness!
Your body is wracked with pain!
Casting: Magic Dart (safe; 1% risk of failure)
Confirm with . or Enter, or press ? or * to list all spells.
Aiming: Searing Ray (safe; 1% risk of failure)
Press: ? - help, Shift-Dir - straight line, f/p - Menkaure
Aim: Menkaure (moderately damaged, fast, 90% to hit)
Okay, then.
a - a staff of conjuration (weapon)
Casting: Searing Ray (safe; 1% risk of failure)
Confirm with . or Enter, or press ? or * to list all spells.
Aiming: Searing Ray (safe; 1% risk of failure)
Press: ? - help, Shift-Dir - straight line, f/p - Menkaure
Aim: Menkaure (moderately damaged, fast, 91% to hit)
You feel a surge of power!
The searing ray misses Menkaure. (Press . to maintain the ray.)
The searing ray hits Menkaure.
Menkaure is heavily damaged.
Menkaure casts a spell at you. Pain shoots through your body!
The searing ray hits Menkaure.
Menkaure is severely damaged.
The searing ray hits Menkaure.
Menkaure is severely damaged.
You finish channelling your searing ray.
Menkaure hits you!
You die...
Kikubaaqudgha rasps: "You have failed me!
Welcome... death!"

#.#.#
#....#......,,,,,**
#.#.#
#....#......,,,,**
#...# #.({.#.....#*****
##..###....#.....#
.....##...(##....######
.....##....?..........#
...>..'...............#
.....##........M......#
.....##..###'###@######
########.#.....#.#
#)#.###.#)# #.')'>#.'.#
###.###.#.# #.....#.#
###+###.# #.....#
#######


You could see Menkaure (fast).

Vanquished Creatures
  A water moccasin (D:6)
  2 sky beasts
  An ice beast (D:5)
  An ogre (D:3)
  2 scorpions
  A howler monkey (D:5)
  A wight (D:6)
  A bullfrog zombie (D:5)
  3 hounds
  An orc priest (D:7)
  4 orc wizards
  2 iguanas
  A hound zombie (D:5)
  A hound skeleton (D:4)
  5 gnolls
  3 adders
  2 white imps (D:5)
  2 ufetubi
  3 worms
  5 dart slugs
  15 orcs
  5 ball pythons
  7 endoplasms
  5 giant cockroaches
  4 goblins
  7 hobgoblins
  4 jackals
  6 kobolds
  3 quokkas
  10 bats
  2 frilled lizards (D:1)
  7 rats
117 creatures vanquished.

Notes
Turn   | Place    | Note
-------+----------+-------------------------------------------
     0 | D:1      | DildoBatman the Formicid Conjurer began the quest for the
                  | Orb.
     0 | D:1      | Reached XP level 1. HP: 13/13 MP: 3/3
   212 | D:1      | Reached XP level 2. HP: 18/19 MP: 1/5
   215 | D:1      | Learned a level 2 spell: Searing Ray
   780 | D:2      | Reached XP level 3. HP: 24/24 MP: 3/6
  1145 | D:2      | Found a sparkling altar of Nemelex Xobeh.
  1153 | D:2      | Reached XP level 4. HP: 23/30 MP: 1/7
  1305 | D:1      | Found a faded altar of an unknown god.
  1332 | D:1      | Reached skill level 5 in Conjurations
  1542 | D:1      | Prayed at the altar of an unknown god.
  1542 | D:1      | Became a worshipper of Zin the Law-Giver
  1542 | D:1      | Reached * piety under Zin
  1974 | D:3      | Reached XP level 5. HP: 35/35 MP: 0/8
  2030 | D:3      | Reached skill level 1 in Armour
  2031 | D:3      | Reached skill level 1 in Fighting
  2079 | D:3      | Noticed an ogre
  2135 | D:3      | Reached ** piety under Zin
  2227 | D:3      | Reached XP level 6. HP: 31/43 MP: 1/10
  2239 | D:3      | Noticed Ijyb
  2344 | D:3      | Killed an ogre
  2345 | D:3      | Reached skill level 3 in Spellcasting
  2752 | D:4      | Reached XP level 7. HP: 50/50 MP: 12/12
  2834 | D:4      | Reached skill level 4 in Spellcasting
  2862 | D:4      | HP: 2/50 [orc/silver boomerang (3)]
  3313 | D:5      | Entered Level 5 of the Dungeon
  3379 | D:5      | Reached skill level 5 in Spellcasting
  3408 | D:5      | Noticed Blork the orc
  3469 | D:5      | HP: 1/50 [sky beast (5)]
  3658 | D:5      | Reached skill level 6 in Spellcasting
  3658 | D:5      | Reached XP level 8. HP: 27/56 MP: 5/17
  4048 | D:6      | Found a glowing silver altar of Zin.
  4174 | D:6      | Reached skill level 7 in Spellcasting
  4178 | D:6      | Learned a level 3 spell: Mephitic Cloud
  4192 | D:6      | Noticed Edmund
  4598 | D:7      | Noticed a komodo dragon
  4672 | D:7      | Found a staircase to the Ecumenical Temple.
  4676 | Temple   | Entered the Ecumenical Temple
  4699 | Temple   | Fell from the grace of Zin
  4699 | Temple   | Became a worshipper of Kikubaaqudgha
  4720 | D:7      | Reached skill level 1 in Poison Magic
  4743 | D:7      | Reached skill level 1 in Air Magic
  4824 | D:7      | Noticed Menkaure
  4836 | D:7      | Mangled by Menkaure

Illustrated notes

Levels and vault maps discovered:
D:1:      lightli_arrival_statuegarden, layout_basic,
          shapermc_ecumenical_altar_petra, kennysheep_minor_cross
D:2:      layout_loops_corners, basic_altar, minmay_fountain_box
D:3:      layout_loops_ring, uniq_ijyb
D:4:      layout_basic, minmay_misc_feat_hallway, minmay_crystal_water
D:5:      layout_loops_ring, nicolae_uskayaw_suspiria, uniq_blork_the_orc
D:6:      layout_basic, mainiacjoe_overflow_tiny_flanked, minmay_misc_feat_tiny,
          guppyfry_early_elven_hall, uniq_edmund
D:7:      layout_basic, kennysheep_little_box, minmay_temple_entry_glassed_door,
          enter_bailey_8, uniq_crazy_yiuf_cottage, uniq_menkaure
Temple:   nicolae_temple_figure_zero

Skill      XL: |  1  2  3  4  5  6  7  8 |
---------------+-------------------------+-----
Conjurations   | 4 5 6 |  6.0
Armour         | 1 2 |  2.9
Fighting       | 1 2 |  2.8
Spellcasting   | 3 6 7 |  7.0
Dodging        | 2 |  2.5
Poison Magic   | 1 |  1.7
Air Magic      | 1 |  1.0
Stealth        | |  2.4

Action                   |  1- 3 |  4- 6 |  7- 9 || total
-------------------------+-------+-------+-------++-------
Melee: Dagger            |    42 |    15 |       ||    57
       Unarmed           |     1 |       |       ||     1
       Punch             |     1 |       |       ||     1
       Mace              |       |    33 |       ||    33
       Staff             |       |     2 |       ||     2
       Quarterstaff      |       |       |     3 ||     3
 Fire: Longbow           |       |     9 |    28 ||    37
 Cast: Magic Dart        |    33 |    22 |    16 ||    71
       Searing Ray       |     3 |    14 |    31 ||    48
 Abil: Dig               |       |       |     2 ||     2
  Use: Scroll            |       |       |     6 ||     6
 Stab: Sleeping          |     2 |     3 |       ||     5
Armor: Robe              |    13 |     9 |     5 ||    27
Dodge: Dodged            |    36 |    38 |    45 ||   119
